 Dungeon Crawl Stone Soup version 0.30-b1-6-gad0e9d6a2d (webtiles) character file.

Game seed: 463893205068399413

25 Descartes the Ruffian (level 2, 0/24 HPs)
             Began as a Draconian Transmuter on May 5, 2023.
             Slain by an orc
             ... wielding a +0 flail
              (7 damage)
             ... on level 1 of the Dungeon.
             The game lasted 00:02:13 (919 turns).

Descartes the Ruffian (Draconian Transmuter)         Turns: 919, Time: 00:02:13

Health: 0/24       AC:  4    Str: 12    XL:     2   Next: 86%
Magic:  3/5        EV: 12    Int: 13    God:
Gold:   52         SH:  0    Dex: 11    Spells: 2/5 levels left

rFire   . .          .
                       - Unarmed
rCold   . . .        (no shield)
rNeg    . . .        (body armour unavailable)
rPois   .            (helmet currently unavailable)
rElec   .            (no cloak)
rCorr   .            (no gloves)
SInv    .            (boots currently unavailable)
Will    .....        (no amulet)
Stlth   +            (no ring)
HPRegen 0.24/turn    (no ring)
MPRegen 0.09/turn

%: no passive effects
@: appendages
A: horns 2, talons 2, AC +4, unfitting armour, cold-blooded
a: End Transformation


You were on level 1 of the Dungeon.
You had temporarily grown beastly horns and talons.
You visited 1 branch of the dungeon, and saw 2 of its levels.

You collected 52 gold pieces.

Inventory:

Scrolls
 b - a scroll of immolation {unknown}
 d - a scroll of noise {unknown}
Potions
 a - a potion of lignification
 c - 2 potions of might {unknown}
 e - a potion of flight {unknown}


   Skills:
 + Level 1.7 Fighting
 + Level 2.1 Dodging
 + Level 3.2 Unarmed Combat
 + Level 2.2 Spellcasting
 + Level 2.3 Transmutations


You had 2 spell levels left.
You knew the following spells:

 Your Spells              Type           Power      Damage    Failure   Level
a - Beastly Appendage     Tmut           14%        N/A       10%         1
b - Wereblood             Tmut           7%         N/A       14%         2

Your spell library contained the following spells:

 Spells                   Type           Power      Damage    Failure   Level
 Spider Form              Tmut/Pois      4%         N/A       43%         3
 Ice Form                 Ice/Tmut       4%         N/A       83%         4


Dungeon Overview and Level Annotations

Branches:
Dungeon (2/15)

Altars:


Innate Abilities, Weirdness & Mutations

You have temporarily grown beastly horns and talons.
Your plain brown scales are hard. (AC +4)
You cannot fit into any form of body armour.
You are cold-blooded and may be slowed by cold attacks.


Message History

You climb upwards.
There is a stone staircase leading down here.
Casting: Beastly Appendage (safe; 10% risk of failure)
Confirm with . or Enter, or press ? or * to list all spells.
You extend your transformation's duration.
The bat barely misses you. The jackal barely misses you. The orc misses you.
The adder barely misses you.
The jackal bites you but does no damage.
Casting: Beastly Appendage (safe; 10% risk of failure)
Confirm with . or Enter, or press ? or * to list all spells.
You fail to extend your transformation any further.
The bat hits you but does no damage. The adder closely misses you.
The orc hits you with a +0 flail.
The jackal bites you but does no damage.
The bat barely misses you.
You closely miss the adder.
Your tail-slap misses the adder.
The bat closely misses you. The adder bites you but does no damage.
The jackal bites you but does no damage.
The orc hits you with a +0 flail! The jackal closely misses you.
The adder barely misses you.
You are too injured to fight recklessly!
You are too injured to fight recklessly!
Unknown command.
You are too injured to fight recklessly!
You are too injured to fight recklessly!
Unknown command.
You are too injured to fight recklessly!
Unknown command.
You hit the orc.
You tail-slap the orc, but do no damage.
The orc is heavily wounded.
The bat hits you but does no damage. The orc hits you but does no damage.
The jackal bites you but does no damage.
The adder bites you but does no damage.
You barely miss the orc. You claw the orc.
Your tail-slap misses the orc.
The orc is severely wounded.
The bat hits you. The jackal bites you.
* * * LOW HITPOINT WARNING * * *
The orc hits you with a +0 flail!
You die...

####.###########.######.# #.#
#.............# #.# #.#
#.######.####.######.#######.#
#.# ##.#.# #................#
#.####.#############.........#
#....###...........########..#
######...###...###.†.###......
##...####...o.####...####...
##..#####...@...#####..###...
##..## ##...Sh.b..## ##..##...
##..## ##...........##
##..##.. ##..##
##......#......## ##..##.
##..## ##......###......##
##..#. ##.## ##......##
##......## ##.## #..#
##......## ##..(...## #..#
#.####......## ##......####.#
...........## ##...........


You could see an adder, an orc, a jackal and a bat.

Vanquished Creatures
  2 ball pythons (D:1)
  An endoplasm (D:1)
  4 hobgoblins (D:1)
  3 jackals
  2 kobolds (D:1)
  A quokka (D:1)
  3 bats (D:1)
  3 frilled lizards (D:1)
  3 goblins (D:1)
  A rat (D:1)
23 creatures vanquished.

Notes
Turn   | Place    | Note
-------+----------+-------------------------------------------
     0 | D:1      | Descartes the Draconian Transmuter began the quest for the
                  | Orb.
     0 | D:1      | Reached XP level 1. HP: 16/16 MP: 3/3
   280 | D:1      | Reached XP level 2. HP: 21/23 MP: 5/5
   286 | D:1      | Learned a level 2 spell: Wereblood
   919 | D:1      | Slain by an orc

Illustrated notes

Levels and vault maps discovered:
D:1:      dpeg_arrival_central, layout_loops_ring, minmay_bisected
D:2:      layout_rooms, guppyfry_early_orc_mine

Skill      XL: |  1  2 |
---------------+-------+-----
Dodging        | 2 |  2.1
Fighting       | |  1.7
Unarmed Combat | |  3.2
Spellcasting   | |  2.2
Transmutations | |  2.3

Action                     || total
---------------------------++-------
  Melee: Unarmed           ||    58
         Kick              ||    11
         Tailslap          ||    10
         Headbutt          ||     2
   Cast: Beastly Appendage ||    19
 Armour: Skin              ||    30
  Dodge: Dodged            ||    59
